 Dungeon Crawl Stone Soup version 0.26-a0-466-g989023bd0d (webtiles) character file.

Game seed: 9661921042731835667

216 KristoblXynda the Shield-Bearer (level 5, 0/67 HPs)
             Began as a Draconian Fighter on July 30, 2020.
             Was an Initiate of Gozag.
             Slain by an orc
             ... wielding a +0 flail
              (2 damage)
             ... on level 3 of the Dungeon.
             The game lasted 00:02:25 (2281 turns).

KristoblXynda the Shield-Bearer (Draconian Fighter) Turns: 2281, Time: 00:02:25

Health: 0/67       AC: 22    Str: 18    XL:     5   Next: 61%
Magic:  5/5        EV:  2    Int: 10    God:    Gozag
Gold:   160        SH:  9    Dex: 10    Spells: 4/4 levels left

rFire    . . .     SeeInvis .   a - +0 long sword
rCold    . . .     Faith    .   b - +0 kite shield
rNeg     + + +     Spirit   .   (armour unavailable)
rPois    +         Reflect  .   (helmet currently unavailable)
rElec    .         Harm     .   (cloak currently unavailable)
rCorr    .         NoTele   +   (gloves currently unavailable)
MR       .....                  (boots currently unavailable)
Stlth    +.........             (no amulet)
HPRegen  0.21/turn              (no ring)
MPRegen  0.09/turn              (no ring)

@: tree-form, gold aura, stab
A: unfitting armour, AC +5
a: Potion Petition, Call Merchant, Bribe Branch, Renounce Religion


You were on level 3 of the Dungeon.
You worshipped Gozag.
Gozag was aware of your devotion.
You were a tree.
You visited 1 branch of the dungeon, and saw 3 of its levels.

You collected 199 gold pieces.
You paid 39 gold pieces to Gozag.

Inventory:

Hand Weapons
 a - a +0 long sword (weapon)
Armour
 b - a +0 kite shield (worn)
 h - a +0 pair of boots (melded)
Jewellery
 l - an uncursed ring of ice {unknown}
Scrolls
 d - 3 scrolls of blinking {unknown}
 e - 5 scrolls of remove curse {unknown}
 i - 2 scrolls of teleportation {unknown}
 m - a scroll of fog {unknown}
 p - a scroll of fear {unknown}
 q - a scroll of identify
Potions
 c - 3 potions of might
 f - a potion of invisibility
 g - a potion of stabbing
 k - a potion of curing {unknown}
 n - a potion of flight {unknown}
 o - a potion of degeneration {unknown}


   Skills:
 - Level 3.2 Fighting
 + Level 3.7 Long Blades
 + Level 4.0 Dodging
 + Level 4.4 Shields


You had 4 spell levels left.
You didn't know any spells.
Your spell library was empty.

Dungeon Overview and Level Annotations

Branches:
Dungeon (3/15)

Altars:
Gozag
Kikubaaqudgha


Innate Abilities, Weirdness & Mutations

((Your plain brown scales are hard. (AC +5)))
You cannot fit into any form of body armour.
((You are cold-blooded and may be slowed by cold attacks.))


Message History

The orc hits you with a +0 flail!
* * * LOW HITPOINT WARNING * * *
You block the orc's attack. The orc hits you but does no damage.
The orc barely misses you.
You riposte.
You hit the orc but do no damage.
Really quaff the potion of lignification?
You turn into a tree.
Your +0 pair of boots melds into your body.
Your roots penetrate the ground.
You block the orc's attack. The orc hits you but does no damage.
Unknown command.
You barely miss the orc. The orc hits you but does no damage. x3
You slash the orc!
You kill the orc!
The orc hits you but does no damage. x2
Unknown command.
You closely miss the orc. The orc hits you with a +0 flail.
* * * LOW HITPOINT WARNING * * *
The orc hits you but does no damage. The orc hits you with a +0 flail.
You die...
Your body crumbles into a pile of gold.

#.#.###.#.#.....#
##.#..##.#.##########
##.#.....#..........#
##....#############.#
$ ###...# ... ###.###
.##...# .... #.....#
.##...# ..... #.#.#.#
).....#
......##+#...#
.#....#
......$♣....##
.#....# ###...$oo...+
.##.(.# #.$.....".#
.###### ###########
.### ...# ...# ...#
...#


You could see 2 orcs.

Vanquished Creatures
  2 vampire bats (D:2)
  An orc wizard (D:3)
  An orc priest (D:3)
  2 adders (D:3)
  2 oozes
  4 leopard geckos
  4 orcs (D:3)
  3 bat skeletons (D:2)
  2 bat zombies (D:2)
  4 giant cockroaches
  A goblin (D:2)
  3 hobgoblins (D:1)
  5 bats
  2 frilled lizards (D:1)
  3 kobolds
  5 rats
44 creatures vanquished.

Notes
Turn   | Place    | Note
-------+----------+-------------------------------------------
     0 | D:1      | KristoblXynda the Draconian Fighter began the quest for the
                  | Orb.
     0 | D:1      | Reached XP level 1. HP: 19/19 MP: 1/1
   229 | D:1      | Reached XP level 2. HP: 26/26 MP: 2/2
   264 | D:1      | You fall into a shaft and drop 1 floor!
   264 | D:2      | Found an ancient bone altar of Kikubaaqudgha.
   265 | D:2      | Noticed a vampire bat
   270 | D:2      | Noticed a vampire bat
   282 | D:2      | Killed a vampire bat
   282 | D:2      | Reached XP level 3. HP: 15/31 MP: 3/3
   293 | D:2      | Reached XP level 4. HP: 15/38 MP: 4/4
  1679 | D:2      | Found an opulent altar of Gozag.
  1955 | D:2      | Became a worshipper of Gozag Ym Sagoz the Greedy
  2007 | D:3      | Reached XP level 5. HP: 42/45 MP: 5/5
  2281 | D:3      | HP: 2/67 [orc/+0 flail (5)]
  2281 | D:3      | Slain by an orc

Illustrated notes

Levels and vault maps discovered:
D:1:      minmay_arrival_plants_in_alcoves, layout_rooms, chequers_jeans,
          minmay_misc_feat_ornament, chequers_serial_rivers_large_a,
          grunt_decor_arrowhead
D:2:      kennysheep_big_flooded_room, layout_basic, kennysheep_vampire_church,
          overflow_temple_1_default
D:3:      layout_basic, yredelemnul_altar_generic, minmay_tree_intersection,
          uniq_terence

Skill      XL: |  1  2  3  4  5 |
---------------+----------------+-----
Dodging        | 3 4 |  4.0
Long Blades    | 3 |  3.7
Shields        | 4 |  4.4
Fighting       | |  3.2

Action                   |  1- 3 |  4- 6 || total
-------------------------+-------+-------++-------
Melee: Long sword        |    49 |   127 ||   176
       Tailslap          |     1 |    12 ||    13
  Use: Scroll            |       |     2 ||     2
       Potion            |       |     3 ||     3
 Stab: Sleeping          |       |     1 ||     1
Armor: Skin              |    47 |    68 ||   115
Dodge: Dodged            |    61 |    65 ||   126
Block: Kite shield       |    54 |    78 ||   132
       Rpst.: Long sword |    17 |    21 ||    38

Table legend: (Time is in decaauts)
 A = Elapsed time spent in this place.
 B = Non-inter-level travel time spent in this place.
 C = Inter-level travel time spent in this place.
 D = Time resting spent in this place.
 E = Time spent auto-exploring this place.
 F = Levels seen in this place.
 G = Mean time per level.
                   A        B        C        D        E       F      G
               +--------+--------+--------+--------+--------+-----+--------+
         Total |   2354 |   2316 |     38 |    441 |   1415 |   3 |  784.7 |
       Dungeon |   2354 |   2316 |     38 |    441 |   1415 |   3 |  784.7 |
               +--------+--------+--------+--------+--------+-----+--------+

Top non-repeatable levels by time:
     D:2: 1013 daAuts
     D:1: 1007 daAuts
     D:3: 333 daAuts
